 Dungeon Crawl Stone Soup version 0.30-a0-528-g8c47a4955b (webtiles) character file.

Game seed: 5843264208061358157

91969 cforsyth the Fighter (level 15, -31/139 HPs)
             Began as a White Draconian Transmuter on Dec 24, 2022.
             Was the Champion of Ru.
             Killed from afar by a hell knight (35 damage)
             ... with a bolt of fire
             ... on level 13 of the Dungeon.
             The game lasted 01:17:53 (32825 turns).

cforsyth the Fighter (White Draconian Transmuter)  Turns: 32825, Time: 01:17:54

Health: -31/139    AC: 11    Str: 14    XL:     15   Next: 56%
Magic:  0/30       EV: 13    Int: 24    God:    Ru [******]
Gold:   2029       SH:  0    Dex: 11    Spells: 21/36 levels left

rFire   . . .      SeeInvis .      - Unarmed
rCold   + . .      Faith    .    (shield unavailable)
rNeg    . . .      Spirit   +    (body armour unavailable)
rPois   .          Reflect  .    (helmet restricted)
rElec   .          Harm     .    m - +1 cloak
rCorr   .          Rampage  .    (gloves currently unavailable)
Will    +....                    (no boots) Stlth
                                 O - amulet of guardian spirit
HPRegen 0.43/turn                (ring unavailable)
MPRegen 0.22/turn                G - +6 ring of intelligence

@: about to teleport, blade hand, wereblooded, flying, unable to drink
A: breathe frost, AC +9, unfitting armour, cold resistance 1, screaming 1, weak
1, cold-blooded, inability to drink after injury 2, missing a hand, no stealth,
no hexes magic, no necromancy magic, no poison magic
a: Breathe Frost, End Transformation, Renounce Religion, Draw Out Power, Power
Leap, Apocalypse


You were on level 13 of the Dungeon.
You worshipped Ru.
Ru was exalted by your worship.
You had blades for hand.
You visited 4 branches of the dungeon, and saw 21 of its levels.
You also visited: Ossuary.

You collected 2333 gold pieces.
You spent 304 gold pieces at shops.

Inventory:

Missiles
 N - 2 throwing nets
Armour
 i - a +0 pair of gloves (melded)
 m - a +1 cloak (worn)
 C - the +0 pair of gloves "Zoth" {rF+++ Will- Str-2 SInv}
   (You bought it in a shop on level 8 of the Dungeon)

   Str:       It affects your strength (-2).
   rF:        It renders you almost immune to fire.
   SInv:      It lets you see invisible.
   Will:      It decreases your willpower.
Jewellery
 y - a ring of poison resistance
 G - a +6 ring of intelligence (right blade hand)
 H - a ring of positive energy
 K - a +4 ring of protection
 O - an amulet of guardian spirit (around neck)
Wands
 j - a wand of digging (6)
 z - a wand of flame (4)
 E - a wand of acid (6)
 I - a wand of iceblast (4)
 J - a wand of charming (4)
 P - a wand of mindburst (11)
Scrolls
 b - 4 scrolls of noise
 e - 3 scrolls of poison
 f - a scroll of enchant armour
 g - 2 scrolls of immolation
 h - 4 scrolls of amnesia
 k - 4 scrolls of enchant weapon
 n - 3 scrolls of teleportation
 q - 3 scrolls of magic mapping
 u - 4 scrolls of vulnerability
 w - 2 scrolls of brand weapon
 x - 2 scrolls of torment
 A - a scroll of silence
 B - 2 scrolls of blinking
 D - 2 scrolls of fog
 Q - a scroll of fear
 R - a scroll of identify
Potions
 a - 4 potions of lignification
 c - 8 potions of curing
 d - 2 potions of resistance {unknown}
 l - 3 potions of invisibility
 o - 8 potions of heal wounds
 p - 4 potions of might
 r - 5 potions of attraction
 s - 3 potions of haste
 t - a potion of brilliance {unknown}
 v - 7 potions of flight
 F - 2 potions of berserk rage {unknown}
 L - 2 potions of cancellation {unknown}
 M - 3 potions of mutation {unknown}


   Skills:
 + Level 14.4 Fighting
 - Level 5.6 Dodging
 + Level 13.6 Unarmed Combat
 - Level 11.0 Spellcasting
 + Level 13.4 Transmutations
 + Level 10.3 Ice Magic


You had 21 spell levels left.
You knew the following spells:

 Your Spells              Type           Power      Damage    Failure   Level
a - Beastly Appendage     Tmut           100%       N/A       4%          1
b - Wereblood             Tmut           67%        N/A       4%          2
c - Ozocubu's Armour      Ice            58%        N/A       9%          3
d - Ice Form              Ice/Tmut       63%        N/A       11%         4
e - Blade Hands           Tmut           33%        N/A       12%         5

Your spell library contained the following spells:

 Spells                   Type           Power      Damage    Failure   Level
 Passwall                 Tmut/Erth      37%        N/A       12%         2
 Summon Small Mammal      Summ           52%        N/A       32%         1
 Call Canine Familiar     Summ           13%        N/A       54%         3
 Gell's Gravitas          Tloc           13%        N/A       54%         3
 Lesser Beckoning         Tloc           26%        N/A       54%         3
 Swiftness                Air            13%        N/A       54%         3
 Teleport Other           Tloc           13%        N/A       54%         3
 Flame Wave               Conj/Fire      13%        2d6       83%         4
 Iskenderun's Mystic Bla  Conj/Tloc      13%        2d5       83%         4
 Sticky Flame             Conj/Fire      13%        2d4       83%         4
 Ozocubu's Refrigeration  Ice            29%        4d13      87%         7
 Summon Forest            Summ/Tloc      6%         N/A       98%         5
 Spellforged Servitor     Conj/Summ      6%         N/A       100%        7
 Ensorcelled Hibernation  Hex/Ice        Unusable   N/A       N/A         2
 Spider Form              Tmut/Pois      Unusable   N/A       N/A         3
 Kiss of Death            Conj/Necr      Unusable   2d9       N/A         1
 Confusing Touch          Hex            Unusable   N/A       N/A         3
 Dazzling Flash           Conj/Hex       Unusable   N/A       N/A         3
 Inner Flame              Hex/Fire       Unusable   N/A       N/A         3
 Portal Projectile        Hex/Tloc       Unusable   N/A       N/A         3
 Summon Guardian Golem    Hex/Summ       Unusable   N/A       N/A         3
 Tukima's Dance           Hex            Unusable   N/A       N/A         3
 Dispel Undead            Necr           Unusable   3d9       N/A         4
 Leda's Liquefaction      Hex/Erth       Unusable   N/A       N/A         4
 Agony                    Necr           Unusable   N/A       N/A         5
 Silence                  Hex/Air        Unusable   N/A       N/A         5

Dungeon Overview and Level Annotations

Branches:
Dungeon (13/15)            Temple (1/1) D:4            Lair (5/5) D:9
 Shoals (0/4) Lair:3       Spider (0/4) Lair:2        Slime (0/5) Lair:4
    Orc (2/2) D:10            Elf (0/3) Orc:2        Vaults (0/5) D:13
Ossuary (visited)

Altars:
Cheibriados
Elyvilon
Fedhas
Gozag
Kikubaaqudgha
Makhleb
Okawaru
Qazlal
Ru
Sif Muna
Trog
Uskayaw
Wu Jian
Xom
Yredelemnul
The Shining One

Shops:
D:5 (   D:7 :   D:8 (([[[   D:10 *   Orc:1 !   Orc:2 ?(?(

Annotations:
D:11 1 runed translucent door, Cancer's ghost, journeyman GrEE
Lair:3 3 runed translucent doors, Tischemav's ghost, journeyman DsFi


Innate Abilities, Weirdness & Mutations

You have blades for hand.
Your spellcasting is less reliable in this form.
You are incapable of wielding weapons or throwing items.
You can breathe waves of freezing cold which knock back foes.
Your icy white scales are hard. (AC +9)
You cannot fit into any form of body armour.
Your flesh is cold resistant. (rC+)
You occasionally shout uncontrollably at your foes.
You are weak. (Str -2)
You are cold-blooded and may be slowed by cold attacks.
You sometimes lose the ability to drink potions when taking damage.
You are missing a hand.
You cannot be stealthy.
You cannot study or cast Hexes magic.
You cannot study or cast Necromancy magic.
You cannot study or cast Poison magic.


Message History

A necromancer comes into view. It is wielding a +0 dagger.
You hear a shout!
The necromancer points at you and mumbles some strange words.
You resist with significant effort.
A hell knight comes into view.
It is wielding a +0 war axe of distortion.
The hell knight hits you with a +4 vorpal glaive!!
You feel threatened and lose the ability to drink potions!
The hell knight mumbles some strange prayers to its god.
The hell knight seems to speed up.
You slice the necromancer!!
The necromancer is severely wounded.
Your hand reverts to its normal proportions.
Your +0 pair of gloves unmelds from your body.
The necromancer barely misses you.
The hell knight utters an invocation to its god.
The hell knight seems to speed up.
The hell knight barely misses you.
Unknown command.
You punch the necromancer!
You feel a bit better.
You kill the necromancer!
The hell knight utters an invocation to its god.
The hell knight seems to speed up.
The hell knight begins to pray, but is stunned by your conviction!
You redirect the necromancer's attack!
Your hand turns into a razor-sharp scythe blade.
Your +0 pair of gloves melds into your body.
The hell knight calls down the wrath of its god upon you.
The bolt of fire hits you!!!
The bolt of fire hits the hell knight.
The hell knight completely resists.
The hell knight begins to pray, but is stunned by your conviction!
The hell knight hits you with a +4 vorpal glaive!!
* * * LOW HITPOINT WARNING * * *
x2 The hell knight mumbles some strange prayers to its god.
The hell knight seems to speed up.
As you read the scroll of teleportation, it crumbles to dust.
You feel strangely unstable.
The hell knight hits you with a +4 vorpal glaive!!
* * * LOW HITPOINT WARNING * * *
x2 The hell knight mumbles some strange prayers to its god against you.
The bolt of fire hits you!!
You die...

####...###.####.#.####.#
#...............#.# #.#
#.................####.###
#..........#.###..........
##.................###.##.
#...#############.#......
###.#...........#.#.##...
#.#.#########)#........
#.#.#p@pppp.#.#÷#.....)
#.#.#†##≈##.#.#.#......
#.#§§§# .# #.#.###...^
#.#§§p# # #<#.# #....
#.#.≈.# #.#.# #.#..
##.#.#.# #.#.###.#..
#..#.#.. #)#..##.#..
#..#.#########†#..##.#..
#..#...........#..##.#..


You could see 4 hell knights and 2 necromancers.

Vanquished Creatures
  An ettin (Orc:1)
  4 hydras
  Harold (D:11)
  4 catoblepae (Lair:5)
  2 centaur warriors
  4 ogre magi (Orc:2)
  A boulder beetle (D:12)
  17 two-headed ogres
  2 dancing weapons (D:13)
  6 death yaks (Lair:5)
  A hell knight (D:13)
  A fire crab (Lair:5)
  A necromancer (D:13)
  A deep elf pyromancer (D:13)
  4 manticores
  3 cyclopes (D:13)
  10 elephants
  8 black mambas
  2 torpor snails (Lair:5)
  20 cane toads
  2 unseen horrors
  9 komodo dragons
  A gargoyle (D:12)
  13 rime drakes
  3 kobold demonologists
  4 polar bears
  A meliai (shapeshifter) (D:13)
  14 blink frogs
  4 trolls
  2 hornets
  A wind drake (Lair:3)
  3 slime creatures (D:13)
  Sigmund (D:3)
  A wraith (D:6)
  4 wyverns
  A vampire (D:13)
  A shadow (D:11)
  42 yaks
  3 basilisks
  8 steam dragons (Lair:3)
  5 vampire mosquitoes
  Duvessa (D:3)
  A warg (Orc:2)
  7 hell hounds (D:13)
  3 acid dragons
  17 water moccasins
  An ice beast (D:6)
  3 sky beasts
  11 orc warriors
  2 black bears
  28 ogres
  4 centaurs
  A phantom (D:4)
  5 kobold brigands
  14 bullfrogs
  3 gnoll sergeants
  3 water moccasin zombies (Ossuary)
  6 scorpions
  4 wights (D:7)
  10 killer bees
  2 electric eels
  7 howler monkeys
  A hound (D:7)
  8 orc priests
  Ijyb (D:3)
  Natasha (thrice) (D:3)
  2 iguanas
  23 orc wizards
  4 hell rats (Lair:1)
  2 mummies (Ossuary)
  Robin (D:2)
  9 adders
  18 gnolls
  4 river rats (D:7)
  2 shadow imps (D:6)
  A white imp (D:5)
  2 ufetubi
  5 adder zombies (Ossuary)
  4 worms
  4 dart slugs
  57 orcs
  4 endoplasms
  3 giant cockroaches
  12 goblins
  7 hobgoblins
  6 jackals
  3 quokkas
  4 ball pythons
  7 bats
  4 frilled lizards
  2 hobgoblin zombies (Ossuary)
  9 kobolds
  10 kobold zombies (Ossuary)
  4 orc zombies (Ossuary)
  9 rats
584 creatures vanquished.

Vanquished Creatures (others)
  A komodo dragon (Lair:4)
  A wight (D:7)
  Dowan (D:3)
  An orc wizard (D:8)
  2 orcs
  3 fungi
  97 plants
106 creatures vanquished.

Grand Total: 690 creatures vanquished

Notes
Turn   | Place    | Note
-------+----------+-------------------------------------------
     0 | D:1      | cforsyth the Draconian Transmuter began the quest for the
                  | Orb.
     0 | D:1      | Reached XP level 1. HP: 16/16 MP: 3/3
   132 | D:1      | Reached XP level 2. HP: 22/23 MP: 3/5
  1431 | D:2      | Reached XP level 3. HP: 29/29 MP: 4/6
  1445 | D:2      | Identified the +4 scale mail of Dekonun {Int+3}
  1884 | D:2      | Learned a level 2 spell: Wereblood
  1903 | D:2      | Noticed Robin
  1930 | D:2      | Reached skill level 2 in Fighting
  1935 | D:2      | Killed Robin
  1936 | D:2      | Reached XP level 4. HP: 16/36 MP: 5/7
  2376 | D:3      | Noticed Ijyb
  2406 | D:3      | Killed Ijyb
  2526 | D:3      | Noticed Sigmund
  3149 | D:3      | Killed Sigmund
  3150 | D:3      | Reached XP level 5. HP: 37/44 MP: 9/9
  3150 | D:3      | Reached XP level 6. HP: 42/50 MP: 10/10
  3245 | D:3      | Found a burning altar of Makhleb.
  3260 | D:3      | Reached skill level 3 in Fighting
  3563 | D:3      | Noticed Natasha
  3577 | D:3      | Killed Natasha
  3882 | D:3      | Noticed Natasha
  3887 | D:3      | Killed Natasha
  4118 | D:4      | Found a staircase to the Ecumenical Temple.
  4133 | Temple   | Entered the Ecumenical Temple
  4149 | Temple   | Became a worshipper of Ru the Awakened
  4182 | D:4      | Found a sand-covered staircase.
  4191 | Ossuary  | Entered an ossuary
  4293 | Ossuary  | Your scales start taking on an icy white colour.
  4293 | Ossuary  | Reached XP level 7. HP: 57/57 MP: 8/12
  4293 | Ossuary  | Gained mutation: Your flesh is cold resistant. (rC+) [White
                  | Draconian growth]
  4726 | D:4      | Reached skill level 4 in Fighting
  4959 | D:4      | Gained mutation: You cannot be stealthy. [Ru sacrifice]
  5071 | D:4      | Noticed Duvessa
  5071 | D:4      | Noticed Dowan
  5123 | D:3      | Noticed Natasha
  5136 | D:3      | Killed Natasha
  5719 | D:5      | Entered Level 5 of the Dungeon
  5775 | D:5      | Reached skill level 5 in Unarmed Combat
  5836 | D:5      | Reached XP level 8. HP: 67/67 MP: 12/14
  6011 | D:5      | Reached skill level 1 in Ice Magic
  6020 | D:5      | Found Moaheo's Antique Weapon Shop.
  6346 | D:5      | Found a white marble altar of Elyvilon.
  6433 | D:5      | Noticed a moth of wrath
  6436 | D:5      | Found a bloodstained altar of Trog.
  6799 | D:6      | HP: 3/67 [something (1)]
  6804 | D:6      | Reached skill level 5 in Fighting
  7082 | D:6      | Reached skill level 5 in Transmutations
  7466 | D:6      | Found a snail-covered altar of Cheibriados.
  7472 | D:6      | Gained mutation: You occasionally shout uncontrollably at
                  | your foes. [Ru sacrifice]
  7472 | D:6      | Reached * piety under Ru
  7558 | D:6      | HP: 3/102 [wraith (7)]
  7745 | D:6      | Noticed a troll
  7764 | D:6      | Reached skill level 5 in Spellcasting
  7764 | D:6      | Reached XP level 9. HP: 74/74 MP: 12/16
  7780 | D:6      | Killed a troll
  7781 | D:6      | Reached skill level 5 in Dodging
  7963 | D:6      | Found a shimmering altar of Xom.
  7985 | D:6      | Found a shimmering blue altar of Sif Muna.
  8129 | D:3      | Killed Duvessa
  8133 | D:3      | Killed Dowan
  8458 | D:7      | Learned a level 3 spell: Ozocubu's Armour
  8519 | D:7      | Found a white marble altar of Elyvilon.
  8557 | D:7      | Reached skill level 6 in Fighting
  8962 | D:7      | Learned a level 4 spell: Ice Form
  9109 | D:7      | Found Kavur Nodd's Book Shoppe.
  9559 | D:7      | Reached skill level 5 in Ice Magic
  9906 | D:8      | Found Bungeqe's Antique Armour Boutique.
 10061 | D:8      | Found Ocoides's Antique Armour Shop.
 10064 | D:8      | Bought a pair of blackened gloves for 304 gold pieces
 10064 | D:8      | Identified the +0 pair of gloves "Zoth" {rF+++ Will- Str-2
                  | SInv} (You bought it in a shop on level 8 of the Dungeon)
 10124 | D:8      | Found Rukhunky's Antique Weapon Emporium.
 10152 | D:8      | Found Celoapsisk's Armour Emporium.
 10188 | D:8      | Reached XP level 10. HP: 68/84 MP: 16/18
 10683 | D:8      | Reached skill level 7 in Fighting
 10793 | D:8      | Found Deixit's Weapon Shoppe.
 10846 | D:8      | Got Ivill's Encyclopedia of Hindering Generation
 10852 | D:8      | Gained mutation: You are weak. (Str -2) [Ru sacrifice]
 11559 | D:9      | Found a staircase to the Lair.
 11909 | D:9      | Reached skill level 8 in Fighting
 12321 | D:9      | Found a stormy altar of Qazlal.
 12357 | D:10     | Entered Level 10 of the Dungeon
 12456 | D:10     | Noticed an orange demon
 12458 | D:10     | Reached XP level 11. HP: 94/94 MP: 12/21
 12477 | D:10     | Noticed a two-headed ogre
 12493 | D:10     | Killed a two-headed ogre
 12968 | D:10     | Found a staircase to the Orcish Mines.
 13089 | D:10     | Found an opulent altar of Gozag.
 13095 | D:10     | Found Gozag's Platinum Reserve.
 13628 | D:10     | Learned a level 5 spell: Blade Hands
 13651 | D:11     | Noticed a two-headed ogre
 13659 | D:11     | Killed a two-headed ogre
 13665 | D:11     | Reached skill level 9 in Fighting
 13810 | D:11     | Gained mutation: You occasionally lose the ability to drink
                  | potions when taking damage. [Ru sacrifice]
 13810 | D:11     | Gained mutation: You sometimes lose the ability to drink
                  | potions when taking damage. [Ru sacrifice]
 13810 | D:11     | Reached ** piety under Ru
 13978 | D:11     | Noticed Harold
 14718 | D:11     | Found a runed translucent door.
 14719 | D:11     | Found a shimmering altar of Xom.
 14719 | D:11     | Noticed Cancer's ghost (journeyman GrEE)
 14719 | D:11     | Noticed a +0 broad axe of chaos
 14779 | D:11     | Noticed a two-headed ogre
 14791 | D:11     | Killed a two-headed ogre
 14862 | D:11     | Killed Harold
 15409 | D:11     | Found a sacrificial altar of Ru.
 15557 | D:12     | Noticed a boulder beetle
 15608 | Lair:1   | Entered Level 1 of the Lair of Beasts
 15954 | Lair:1   | Reached XP level 12. HP: 106/106 MP: 16/24
 16468 | Lair:1   | Reached skill level 10 in Fighting
 17080 | Lair:2   | Gained mutation: You are missing a hand. [Ru sacrifice]
 17080 | Lair:2   | Reached *** piety under Ru
 17080 | Lair:2   | Reached **** piety under Ru
 17080 | Lair:2   | Reached ***** piety under Ru
 17435 | Lair:2   | Found a hole to the Spider Nest.
 18090 | Lair:3   | Reached skill level 10 in Unarmed Combat
 18140 | Lair:3   | Noticed a seven-headed hydra
 18159 | Lair:3   | Killed a seven-headed hydra
 18570 | Lair:3   | Found a staircase to the Shoals.
 19274 | Lair:3   | Reached skill level 10 in Transmutations
 19349 | Lair:3   | Found a runed translucent gate.
 19350 | Lair:3   | Found a runed translucent gate.
 19350 | Lair:3   | Found a runed translucent gate.
 19352 | Lair:3   | Noticed Tischemav's ghost (journeyman DsFi)
 19353 | Lair:3   | Noticed a 12-headed hydra
 19416 | Lair:3   | Reached skill level 11 in Fighting
 19514 | Lair:3   | Gained mutation: You cannot study or cast Poison magic. [Ru
                  | sacrifice]
 19514 | Lair:3   | Gained mutation: You cannot study or cast Hexes magic. [Ru
                  | sacrifice]
 19514 | Lair:3   | Gained mutation: You cannot study or cast Necromancy magic.
                  | [Ru sacrifice]
 19514 | Lair:3   | Reached ****** piety under Ru
 20977 | Lair:4   | Reached XP level 13. HP: 103/116 MP: 10/26
 21401 | Lair:4   | Got the Octavo of Twisted Beckoning
 21413 | Lair:4   | Found a staircase to the Slime Pits.
 21707 | Lair:5   | Entered Level 5 of the Lair of Beasts
 22192 | Lair:4   | Reached skill level 12 in Fighting
 22192 | Lair:4   | Reached skill level 10 in Spellcasting
 22192 | Lair:4   | Reached XP level 14. HP: 126/126 MP: 26/28
 23728 | Lair:4   | HP: 4/127 [cane toad (4)]
 25875 | Lair:5   | Identified the +0 ring mail of the End {rElec rPois Will+}
 25991 | Lair:5   | Reached skill level 13 in Fighting
 27303 | Orc:1    | Entered Level 1 of the Orcish Mines
 27305 | Orc:1    | Found an iron altar of Okawaru.
 27545 | Orc:1    | Found Toylu's Distillery.
 27828 | Orc:2    | Entered Level 2 of the Orcish Mines
 28080 | Orc:2    | Found a staircase to the Elven Halls.
 28137 | Orc:2    | Reached XP level 15. HP: 78/136 MP: 12/30
 28896 | Orc:2    | Reached skill level 14 in Fighting
 29588 | Orc:2    | Found Ypluptemm's Magic Scroll Emporium.
 29589 | Orc:2    | Found Piyw's Magic Scroll Shop.
 29589 | Orc:2    | Found Kabbotige's Weapon Shoppe.
 29589 | Orc:2    | Found Gudghipa's Antique Weapon Shop.
 31745 | D:13     | Reached skill level 10 in Ice Magic
 32070 | D:13     | Found a gate to the Vaults.
 32825 | D:13     | HP: 4/139 [hell knight/+4 vorpal glaive (3)]
 32825 | D:13     | Killed from afar by a hell knight

Illustrated notes

Levels and vault maps discovered:
D:1:      spicycebolla_arrival_clurvy, layout_basic
D:2:      layout_loops_corners, uniq_robin
D:3:      layout_basic, bloody_makhleb, uniq_ijyb, uniq_sigmund, uniq_natasha
D:4:      layout_cave_pods, minmay_temple_entry_mist,
          nicolae_ossuary_entry_plus, minmay_splitting_lines,
          hangedman_glass_teeth, uniq_duvessa
D:5:      layout_loops_cross, kennysheep_little_box, tgw_trog, serial_shops,
          shop_fountains
D:6:      minmay_chambers_of_fours, layout_basic, kennysheep_slug_shrine,
          mainiacjoe_overflow_two_lobes
D:7:      wad_woods_stonehenge, layout_basic, serial_shops, nicolae_diamond_shop
D:8:      layout_basic, serial_shops, shop, nicolae_shop_hallway_stairs,
          kennysheep_mini, shop, nicolae_shop_hallway_plus
D:9:      layout_rooms, nicolae_qazlal_style_of_elements, david_lair_shrubbed
D:10:     layout_loops_ring, nicolae_gozag_zags_fifth_avenue, orc_david_3
D:11:     layout_stronghold, ebering_ghost_xom, nicolae_ru_path_of_blood,
          uniq_harold
D:12:     layout_loops_cross
D:13:     layout_loops_ring, erik_vaults_1, minmay_rotating_lava
Temple:   nicolae_temple_great_sept
Lair:1:   layout_misc_corridors, serial_bayou_shore_a, grunt_megastairs_5
Lair:2:   layout_cave_pods, spider_nest_entry_web_field, beast_lair_carwin_11
Lair:3:   layout_long_grid, minmay_shoals_entry_beasts,
          gammafunk_ghost_hydra_chop, bobbens_dragon_lair_wall,
          grunt_megastairs_4
Lair:4:   layout_long_grid, slime_entry_1
Lair:5:   evilmike_catoblepas_cave, layout_big_grid, pdpol_lair_cavern_descent
Orc:1:    layout_caves, serial_shops, shop_statue, okawaru_metal_pillars_3
Orc:2:    st_orc_ogre_mass, layout_caves, basic_altar, nicolae_orc_tapped_out

Skill      XL: |  1  2  3  4  5  6  7  8  9 10 11 12 13 14 15 |
---------------+----------------------------------------------+-----
Dodging        | 2 3 4 5 |  5.6
Fighting       | 2 3 4 5 6 8 9 11 12 13 14 | 14.4
Unarmed Combat | 4 5 6 8 9 10 11 12 13 | 13.6
Spellcasting   | 3 4 5 7 8 9 10 11 | 11.0
Transmutations | 3 4 5 6 7 9 10 11 12 13 | 13.4
Ice Magic      | 3 5 7 8 10 | 10.3

Action                   |  1- 3 |  4- 6 |  7- 9 | 10-12 | 13-15 || total
-------------------------+-------+-------+-------+-------+-------++-------
Melee: Unarmed           |   123 |   171 |   458 |   574 |   562 ||  1888
       Kick              |    28 |    41 |   124 |    36 |       ||   229
       Tailslap          |     9 |    19 |    60 |    64 |    97 ||   249
       Headbutt          |    16 |    21 |    79 |    23 |       ||   139
       Punch             |     3 |     6 |    14 |    20 |       ||    43
 Cast: Beastly Appendage |    36 |    24 |    60 |     9 |       ||   129
       Wereblood         |     1 |     5 |    29 |    44 |    39 ||   118
       Ozocubu's Armour  |       |       |     5 |    23 |    11 ||    39
       Ice Form          |       |       |     1 |    13 |     2 ||    16
       Blade Hands       |       |       |       |    43 |    59 ||   102
Invok: Sacrifice Stealth |       |       |     1 |       |       ||     1
       Sacrifice Purity  |       |       |     1 |     1 |       ||     2
       Sacrifice Drink   |       |       |       |     1 |       ||     1
       Sacrifice Arcana  |       |       |       |     1 |       ||     1
       Sacrifice a Hand  |       |       |       |     1 |       ||     1
       Draw Out Power    |       |       |       |       |     1 ||     1
 Abil: Breathe Frost     |       |       |     4 |     4 |     1 ||     9
Evoke: Wand              |       |       |       |       |     6 ||     6
  Use: Scroll            |       |     1 |    13 |     4 |    13 ||    31
       Potion            |       |       |     4 |     3 |     3 ||    10
 Stab: Sleeping          |     2 |     1 |       |       |       ||     3
       Distracted        |       |       |     1 |     1 |     4 ||     6
       Paralysed         |       |       |       |     2 |     7 ||     9
       Invisible         |       |       |       |       |     5 ||     5
Armor: Skin              |    52 |    65 |   145 |   212 |   164 ||   638
Dodge: Dodged            |   103 |    90 |   255 |   328 |   302 ||  1078

Table legend: (Time is in decaauts)
 A = Elapsed time spent in this place.
 B = Non-inter-level travel time spent in this place.
 C = Inter-level travel time spent in this place.
 D = Time resting spent in this place.
 E = Time spent auto-exploring this place.
 F = Levels seen in this place.
 G = Mean time per level.
                   A        B        C        D        E       F      G
               +--------+--------+--------+--------+--------+-----+--------+
         Total |  32626 |  31831 |    795 |   9330 |  17093 |  22 | 1483.0 |
       Dungeon |  18357 |  17858 |    499 |   4149 |  10521 |  13 | 1412.1 |
        Temple |     27 |     27 |      0 |      0 |      0 |   1 |   27.0 |
          Lair |  11587 |  11337 |    250 |   4068 |   5579 |   5 | 2317.4 |
  Orcish Mines |   2472 |   2426 |     46 |   1112 |    983 |   2 | 1236.0 |
       Ossuary |    181 |    181 |      0 |      0 |     10 |   1 |  181.0 |
               +--------+--------+--------+--------+--------+-----+--------+

Top non-repeatable levels by time:
  Lair:4: 4018 daAuts
  Lair:3: 2812 daAuts
    D:11: 2428 daAuts
  Lair:5: 2102 daAuts
     D:7: 1908 daAuts
     D:3: 1694 daAuts
     D:2: 1623 daAuts
   Orc:2: 1491 daAuts
     D:9: 1415 daAuts
  Lair:2: 1401 daAuts
     D:6: 1392 daAuts
  Lair:1: 1252 daAuts
    D:12: 1249 daAuts
     D:1: 1222 daAuts
    D:13: 1211 daAuts
